UAA
GURDON PELICANS @ MYRTLE BEACH MERMEN
08/03/2018
 
TOP OF THE 1ST
Gurdon Pelicans batting - Pitching for Myrtle Beach Mermen : RHP Eric Newell
Pitching: RHP Eric Newell
Batting: RHB Alex Maxwell 0-0: Bunt for hit - play at first, batter safe!
Batting: RHB Randy Gregory 0-0: SINGLE (Line Drive, 34)
Alex Maxwell to second
Batting: RHB Chip Teague 0-0: Called Strike
0-1: Ball
1-1: Swinging Strike
1-2: Foul Ball, location: 2F
1-2: Ball
2-2: Ball
3-2: Foul Ball, location: 2F
3-2: Base on Balls
Alex Maxwell to third
Randy Gregory to second
Batting: RHB Micah Miller 0-0: Ball
1-0: Ball
2-0: Foul Ball, location: 2F
2-1: SINGLE (Groundball, 3L)
Alex Maxwell scores
Randy Gregory to third
Chip Teague to second
Batting: RHB Brian Lynch 0-0: Ball
1-0: Foul Ball, location: 2F
1-1: Ball
2-1: Swinging Strike
2-2: Grounds into double play, 1-2-3 (Groundball, 15S)
Chip Teague to third
Micah Miller to second
Batting: RHB Bobby Buck 0-0: Called Strike
0-1: Ball
1-1: Called Strike
1-2: DOUBLE (Line Drive, 78M)
Chip Teague scores
Micah Miller scores
Batting: RHB Doug Rowland 0-0: Ball
1-0: Foul Ball, location: 2F
1-1: Called Strike
1-2: Ground out 6-3 (Groundball, 6M)
Top of the 1st over - 3 run(s), 4 hit(s), 0 error(s), 1 left on base; Gurdon 3 - Myrtle Beach 0
BOTTOM OF THE 1ST
Myrtle Beach Mermen batting - Pitching for Gurdon Pelicans : LHP Francisco Mora
Pitching: LHP Francisco Mora
Batting: RHB José Caballero 0-0: Called Strike
0-1: Called Strike
0-2: Ball
1-2: Hit by Pitch
Batting: RHB Mike Fleming Pickoff Throw to First - Error! E1
José Caballero to second
0-0: Ball
1-0: Swinging Strike
1-1: Swinging Strike
1-2: Ball
2-2: Fly out, F8 (Flyball, 8LS)
Batting: RHB Álex Rodríguez 0-0: Ball
1-0: Ball
2-0: Ground out 6-3 (Groundball, 6M)
José Caballero to third
Batting: RHB Sal Haynes 0-0: Foul Ball, location: 2F
0-1: Ground out 1-3 (Groundball, 13S)
Bottom of the 1st over - 0 run(s), 0 hit(s), 1 error(s), 1 left on base; Gurdon 3 - Myrtle Beach 0
TOP OF THE 2ND
Gurdon Pelicans batting - Pitching for Myrtle Beach Mermen : RHP Eric Newell
Batting: RHB Paul Arthur 0-0: Foul Ball, location: 2F
0-1: Ball
1-1: Ball
2-1: Ball
3-1: Base on Balls
Batting: RHB Robert Fuller 0-0: Called Strike
0-1: Called Strike
0-2: Foul Ball, location: 2F
0-2: Ball
1-2: Grounds into double play, 5-4-3 (Groundball, 56)
Batting: RHB Alex Maxwell 0-0: Ball
1-0: Called Strike
1-1: Foul Ball, location: 2F
1-2: SINGLE (Groundball, 56D)
Batting: RHB Randy Gregory 0-0: Called Strike
0-1: Swinging Strike
0-2: Strikes out swinging
Top of the 2nd over - 0 run(s), 1 hit(s), 0 error(s), 1 left on base; Gurdon 3 - Myrtle Beach 0
BOTTOM OF THE 2ND
Myrtle Beach Mermen batting - Pitching for Gurdon Pelicans : LHP Francisco Mora
Batting: SHB Avery Little 0-0: Called Strike
0-1: SINGLE (Groundball, 6)
Batting: RHB Javier Robles 0-0: Ball
1-0: Foul Ball, location: 2F
1-1: Fly out, F2 (Popup, 2RF)
Batting: LHB Eddie Flynn 0-0: Fly out, F9 (Flyball, 9LM)
Batting: SHB Val Brown 0-0: Fielders Choice at 2nd, 6-4 (Groundball, 6)
Bottom of the 2nd over - 0 run(s), 1 hit(s), 0 error(s), 0 left on base; Gurdon 3 - Myrtle Beach 0
TOP OF THE 3RD
Gurdon Pelicans batting - Pitching for Myrtle Beach Mermen : RHP Eric Newell
Batting: RHB Chip Teague 0-0: Ball
1-0: Ball
2-0: Ball
3-0: Called Strike
3-1: Base on Balls
Batting: RHB Micah Miller 0-0: Fielders Choice at 2nd, 1-6 (Groundball, 25)
Batting: RHB Brian Lynch 0-0: Called Strike
0-1: Foul Ball, location: 2F
0-2: Foul Ball, location: 2F
0-2: Strikes out swinging
Batting: RHB Bobby Buck 0-0: Ball
1-0: Called Strike
1-1: Swinging Strike
1-2: Ball
2-2: Foul Ball, location: 2F
2-2: Strikes out swinging
Top of the 3rd over - 0 run(s), 0 hit(s), 0 error(s), 1 left on base; Gurdon 3 - Myrtle Beach 0
BOTTOM OF THE 3RD
Myrtle Beach Mermen batting - Pitching for Gurdon Pelicans : LHP Francisco Mora
Batting: RHB Ángelo Saldaña 0-0: Swinging Strike
0-1: Ball
1-1: Ball
2-1: SINGLE (Groundball, 4M) (infield hit)
Batting: RHB José Caballero 0-0: Ball
1-0: Fly out, F7 (Flyball, 78M)
Batting: RHB Mike Fleming 0-0: Foul Ball, location: 2F
0-1: Fly out, F4 (Popup, 4)
Batting: RHB Álex Rodríguez 0-0: Fielders Choice at 2nd, 5-4 (Groundball, 56)
Bottom of the 3rd over - 0 run(s), 1 hit(s), 0 error(s), 0 left on base; Gurdon 3 - Myrtle Beach 0
TOP OF THE 4TH
Gurdon Pelicans batting - Pitching for Myrtle Beach Mermen : RHP Eric Newell
Batting: RHB Doug Rowland 0-0: SINGLE (Groundball, 6MD) (infield hit)
Batting: RHB Paul Arthur 0-0: Fielders Choice at 2nd, 2-6 (Groundball, 2R)
Batting: RHB Robert Fuller 0-0: Swinging Strike
0-1: Grounds into double play, 6-4-3 (Groundball, 6)
Top of the 4th over - 0 run(s), 1 hit(s), 0 error(s), 0 left on base; Gurdon 3 - Myrtle Beach 0
BOTTOM OF THE 4TH
Myrtle Beach Mermen batting - Pitching for Gurdon Pelicans : LHP Francisco Mora
Batting: RHB Sal Haynes 0-0: Ball
1-0: Ground out 5-3 (Groundball, 56S)
Batting: SHB Avery Little 0-0: Called Strike
0-1: Fly out, F7 (Flyball, 7LM)
Batting: RHB Javier Robles 0-0: Ball
1-0: Ball
2-0: SINGLE (Line Drive, 89S)
Batting: LHB Eddie Flynn 0-0: Ball
1-0: Called Strike
1-1: Foul Ball, location: 2F
Balk!
Javier Robles to second
1-2: Strikes out swinging
Bottom of the 4th over - 0 run(s), 1 hit(s), 0 error(s), 1 left on base; Gurdon 3 - Myrtle Beach 0
TOP OF THE 5TH
Gurdon Pelicans batting - Pitching for Myrtle Beach Mermen : RHP Eric Newell
Batting: RHB Alex Maxwell 0-0: Called Strike
0-1: Ball
1-1: Ground out 6-3 (Groundball, 6)
Batting: RHB Randy Gregory 0-0: Foul Ball, location: 2F
0-1: Ball
1-1: Called Strike
1-2: Foul Ball, location: 2F
1-2: Ball
2-2: Ground out 6-3 (Groundball, 6M)
Batting: RHB Chip Teague 0-0: Swinging Strike
0-1: Called Strike
0-2: Strikes out swinging
Top of the 5th over - 0 run(s), 0 hit(s), 0 error(s), 0 left on base; Gurdon 3 - Myrtle Beach 0
BOTTOM OF THE 5TH
Myrtle Beach Mermen batting - Pitching for Gurdon Pelicans : LHP Francisco Mora
Batting: SHB Val Brown 0-0: Ground out 1-3 (Groundball, 13S)
Batting: RHB Ángelo Saldaña 0-0: Ball
1-0: Ball
2-0: Ground out 4-3 (Groundball, 4M)
Batting: RHB José Caballero 0-0: Ball
1-0: Foul Ball, location: 2F
1-1: Foul Ball, location: 2F
1-2: Ball
2-2: Strikes out swinging
Bottom of the 5th over - 0 run(s), 0 hit(s), 0 error(s), 0 left on base; Gurdon 3 - Myrtle Beach 0
TOP OF THE 6TH
Gurdon Pelicans batting - Pitching for Myrtle Beach Mermen : RHP Eric Newell
Batting: RHB Micah Miller 0-0: Called Strike
0-1: Ball
1-1: Ball
2-1: Fly out, F7 (Flyball, 78S)
Batting: RHB Brian Lynch 0-0: Called Strike
0-1: Swinging Strike
0-2: Ball
1-2: Ball
2-2: Strikes out swinging
Batting: RHB Bobby Buck 0-0: Ball
1-0: Called Strike
1-1: Foul Ball, location: 2F
1-2: SINGLE (Line Drive, 6MD)
Batting: RHB Doug Rowland 0-0: Called Strike
0-1: Swinging Strike
0-2: Ball
1-2: Ball
2-2: Ball
3-2: SINGLE (Groundball, 56D)
Bobby Buck to second
Bobby Buck to third
Pitching: LHP Dusty Muhidini
Batting: RHB Paul Arthur 0-0: Swinging Strike
0-1: Foul Ball, location: 2F
0-2: Foul Ball, location: 2F
0-2: Ball
1-2: Strikes out looking
Top of the 6th over - 0 run(s), 2 hit(s), 0 error(s), 2 left on base; Gurdon 3 - Myrtle Beach 0
BOTTOM OF THE 6TH
Myrtle Beach Mermen batting - Pitching for Gurdon Pelicans : LHP Francisco Mora
Batting: RHB Mike Fleming 0-0: Ball
1-0: SINGLE (Line Drive, 8RS)
Batting: RHB Álex Rodríguez 0-0: Called Strike
0-1: Foul Ball, location: 2F
0-2: Ball
1-2: Ball
2-2: Ball
3-2: Foul Ball, location: 2F
3-2: Foul Ball, location: 2F
3-2: Foul Ball, location: 2F
3-2: Grounds into double play, 5-4-3 (Groundball, 56)
Batting: RHB Sal Haynes 0-0: Called Strike
0-1: Ball
1-1: Swinging Strike
1-2: SINGLE (Groundball, 6M)
Batting: SHB Avery Little 0-0: Ball
1-0: SINGLE (Line Drive, 56)
Sal Haynes to second
Batting: RHB Javier Robles 0-0: Called Strike
0-1: Called Strike
0-2: SINGLE (Groundball, 6M)
Sal Haynes to third
Avery Little to second
Runner from 3rd tries for Home, SAFE, throw made home
Avery Little to third
Javier Robles to second
Batting: LHB Eddie Flynn 0-0: Ball
1-0: Foul Ball, location: 2F
1-1: Ball
2-1: Fly out, F8 (Flyball, 78M)
Bottom of the 6th over - 1 run(s), 4 hit(s), 0 error(s), 2 left on base; Gurdon 3 - Myrtle Beach 1
TOP OF THE 7TH
Gurdon Pelicans batting - Pitching for Myrtle Beach Mermen : LHP Dusty Muhidini
Batting: RHB Robert Fuller 0-0: Called Strike
0-1: Ball
1-1: Ball
2-1: SINGLE (Groundball, 6MD)
Batting: RHB Alex Maxwell 0-0: Called Strike
0-1: Ball
1-1: Sac Bunt - play at first, batter safe!
Robert Fuller to second
Batting: RHB Randy Gregory 0-0: Called Strike
0-1: Swinging Strike
0-2: Ball
1-2: Ball
2-2: Foul Ball, location: 2F
2-2: Ball
3-2: Base on Balls
Robert Fuller to third
Alex Maxwell to second
Batting: RHB Chip Teague 0-0: Called Strike
0-1: Ball
1-1: Ball
2-1: Foul Ball, location: 2F
2-2: Ball
3-2: Foul Ball, location: 2F
3-2: Foul Ball, location: 2F
3-2: Base on Balls
Robert Fuller scores
Alex Maxwell to third
Randy Gregory to second
Batting: RHB Micah Miller 0-0: Called Strike
0-1: Foul Ball, location: 2F
0-2: Ball
1-2: Strikes out swinging
Batting: RHB Brian Lynch 0-0: Ball
1-0: Ball
2-0: Ball
3-0: Base on Balls
Alex Maxwell scores
Randy Gregory to third
Chip Teague to second
Batting: RHB Bobby Buck 0-0: Foul Ball, location: 2F
0-1: GRAND SLAM HOME RUN (Flyball, 7D), Distance : 375 ft
Pitching: LHP Jason Puckett
Batting: RHB Doug Rowland 0-0: Swinging Strike
0-1: SINGLE (Groundball, 15S) (infield hit)
Batting: RHB Paul Arthur 0-0: Ball
1-0: Ball
Doug Rowland steals 2nd base
2-0: Ball
3-0: Called Strike
3-1: Fly out, F3 (Popup, 3F)
Batting: RHB Robert Fuller 0-0: Swinging Strike
0-1: Ball
1-1: Foul Ball, location: 2F
1-2: Strikes out looking
Top of the 7th over - 6 run(s), 4 hit(s), 0 error(s), 1 left on base; Gurdon 9 - Myrtle Beach 1
BOTTOM OF THE 7TH
Myrtle Beach Mermen batting - Pitching for Gurdon Pelicans : LHP Francisco Mora
Batting: SHB Val Brown 0-0: Ball
1-0: Called Strike
1-1: Swinging Strike
1-2: Strikes out swinging
Batting: RHB Ángelo Saldaña 0-0: Swinging Strike
0-1: Foul Ball, location: 2F
0-2: SINGLE (Line Drive, 34D)
Batting: RHB José Caballero 0-0: Called Strike
0-1: Called Strike
0-2: Strikes out swinging
Batting: RHB Mike Fleming 0-0: Ball
1-0: Foul Ball, location: 2F
1-1: SINGLE (Line Drive, 89M)
Ángelo Saldaña to second
Batting: RHB Álex Rodríguez 0-0: Foul Ball, location: 2F
0-1: Ground out 2-3 (Groundball, 2R)
Bottom of the 7th over - 0 run(s), 2 hit(s), 0 error(s), 2 left on base; Gurdon 9 - Myrtle Beach 1
TOP OF THE 8TH
Gurdon Pelicans batting - Pitching for Myrtle Beach Mermen : LHP Jason Puckett
Batting: RHB Alex Maxwell 0-0: Swinging Strike
0-1: Ball
1-1: Swinging Strike
1-2: Ball
2-2: Strikes out looking
Batting: RHB Randy Gregory 0-0: Ball
1-0: Foul Ball, location: 2F
1-1: Ball
2-1: Ball
3-1: Base on Balls
Batting: RHB Chip Teague 0-0: Ball
1-0: Foul Ball, location: 2F
1-1: Called Strike
1-2: Strikes out swinging
Batting: RHB Micah Miller 0-0: Swinging Strike
0-1: Ball
1-1: Ground out 5-3 (Groundball, 5L)
Top of the 8th over - 0 run(s), 0 hit(s), 0 error(s), 1 left on base; Gurdon 9 - Myrtle Beach 1
BOTTOM OF THE 8TH
Myrtle Beach Mermen batting - Pitching for Gurdon Pelicans : LHP Francisco Mora
Batting: RHB Sal Haynes 0-0: Called Strike
0-1: Ground out 5-3 (Groundball, 56)
Batting: SHB Avery Little 0-0: Ball
1-0: Ball
2-0: Ground out 5-3 (Groundball, 56)
Batting: RHB Javier Robles 0-0: Swinging Strike
0-1: Ball
1-1: Ground out 6-3 (Groundball, 6M)
Bottom of the 8th over - 0 run(s), 0 hit(s), 0 error(s), 0 left on base; Gurdon 9 - Myrtle Beach 1
TOP OF THE 9TH
Gurdon Pelicans batting - Pitching for Myrtle Beach Mermen : LHP Jason Puckett
Pitching: LHP Russ Wood
Batting: RHB Brian Lynch 0-0: Ball
1-0: Ball
2-0: Foul Ball, location: 2F
2-1: Ball
3-1: Ground out 5-3 (Groundball, 56S)
Batting: RHB Bobby Buck 0-0: Called Strike
0-1: Swinging Strike
0-2: Foul Ball, location: 2F
0-2: Ball
1-2: Foul Ball, location: 2F
1-2: Strikes out swinging
Batting: RHB Doug Rowland 0-0: Called Strike
0-1: Ball
1-1: Ball
2-1: Called Strike
2-2: Ground out U3 (Groundball, 3)
Top of the 9th over - 0 run(s), 0 hit(s), 0 error(s), 0 left on base; Gurdon 9 - Myrtle Beach 1
BOTTOM OF THE 9TH
Myrtle Beach Mermen batting - Pitching for Gurdon Pelicans : LHP Francisco Mora
Batting: LHB Eddie Flynn 0-0: Called Strike
0-1: Foul Ball, location: 2F
0-2: Ball
1-2: Foul Ball, location: 2F
1-2: Ball
2-2: SINGLE (Flyball, 9S)
Batting: SHB Val Brown 0-0: Ball
1-0: Ball
2-0: Called Strike
2-1: Foul Ball, location: 2F
2-2: Strikes out swinging
Pitching: RHP Karl Pratt
Batting: RHB Ángelo Saldaña 0-0: Foul Ball, location: 2F
0-1: Foul Ball, location: 2F
0-2: Ball
Wild Pitch!
Eddie Flynn to second
1-2: Ball
2-2: Strikes out swinging
Batting: RHB José Caballero 0-0: Called Strike
0-1: Swinging Strike
0-2: Ball
1-2: Ball
2-2: Strikes out swinging
Bottom of the 9th over - 0 run(s), 1 hit(s), 0 error(s), 1 left on base; Gurdon 9 - Myrtle Beach 1
This league is powered by Out of the Park Baseball, the baseball management simulation game for PC, Mac and Linux
Monday, May 4th, 2015 - OOTP Baseball 15.6 Build 34